 Dungeon Crawl Stone Soup version 0.30-b1-5-g8e6c1be481 (webtiles) character file.

Game seed: 9703532374090574328

1549 Mysteryquy the Carver (level 8, 0/71 HPs)
             Began as a Hill Orc Fighter on May 4, 2023.
             Was a Follower of Beogh.
             Killed from afar by an electric eel (4 damage)
             ... with a bolt of electricity
             ... on level 7 of the Dungeon.
             The game lasted 00:07:25 (5259 turns).

Mysteryquy the Carver (Hill Orc Fighter)            Turns: 5259, Time: 00:07:25

Health: 0/71       AC: 10    Str: 21    XL:     8   Next: 87%
Magic:  8/8        EV:  8    Int:  8    God:    Beogh [*.....]
Gold:   375        SH:  4    Dex: 10    Spells: 7/7 levels left

rFire   . . .        x - +7 Throatcutter {drain, coup de grace}
rCold   . . .        c - +0 buckler
rNeg    . . .        v - +0 chain mail
rPois   .            (no helmet)
rElec   .            (no cloak)
rCorr   .            G - +0 pair of gloves
SInv    .            (no boots)
Will    .....        (no amulet) Stlth
                     (no ring)
HPRegen 0.31/turn    (no ring)
MPRegen 0.11/turn

%: no passive effects
@: no status effects
A: no striking features
a: Renounce Religion


You were on level 7 of the Dungeon.
You worshipped Beogh.
Beogh was aware of your devotion.
You visited 1 branch of the dungeon, and saw 7 of its levels.

You collected 375 gold pieces.

Inventory:

Hand Weapons
 a - a +0 war axe
 u - a +0 war axe
 x - the +7 Throatcutter (weapon) {drain, coup de grace}
   (You found it on level 4 of the Dungeon)
Missiles
 B - 2 atropa-tipped darts (quivered)
Armour
 b - a +0 scale mail
 c - a +0 buckler (worn)
 v - a +0 chain mail (worn)
 G - a +0 pair of gloves (worn)
Jewellery
 l - a +4 ring of protection
 p - a +6 ring of strength
 C - a ring of protection from fire
 F - a ring of willpower
Wands
 y - a wand of charming (9)
 D - a wand of flame (18)
Scrolls
 g - 3 scrolls of noise {unknown}
 h - a scroll of vulnerability {unknown}
 i - 3 scrolls of amnesia {unknown}
 n - a scroll of torment {unknown}
 o - 3 scrolls of enchant weapon {unknown}
 q - 4 scrolls of magic mapping {unknown}
 s - a scroll of teleportation {unknown}
 t - 2 scrolls of fear {unknown}
 w - 2 scrolls of summoning {unknown}
 z - 2 scrolls of enchant armour {unknown}
 A - a scroll of blinking {unknown}
 E - 4 scrolls of identify {unknown}
Potions
 d - a potion of might
 e - a potion of flight {unknown}
 f - 2 potions of invisibility {unknown}
 j - a potion of cancellation {unknown}
 k - 4 potions of brilliance {unknown}
 m - 5 potions of curing {unknown}
 r - 3 potions of heal wounds {unknown}


   Skills:
 + Level 6.5 Fighting
 + Level 8.3 Long Blades
 + Level 5.8 Axes
 - Level 4.7 Armour
 - Level 1.9 Dodging
 - Level 0.1 Stealth
 - Level 3.8 Shields


You had 7 spell levels left.
You didn't know any spells.
Your spell library contained the following spells:

 Spells                   Type           Power      Damage    Failure   Level
 Sandblast                Erth           0%         2d4       98%         1
 Passwall                 Tmut/Erth      0%         N/A       99%         2
 Portal Projectile        Hex/Tloc       0%         N/A       100%        3
 Stone Arrow              Conj/Erth      0%         3d7       100%        3
 Tukima's Dance           Hex            0%         N/A       100%        3
 Blade Hands              Tmut           0%         N/A       100%        5


Dungeon Overview and Level Annotations

Branches:
Dungeon (7/15)             Temple (0/1) D:6

Altars:
Ashenzari
Makhleb
Yredelemnul

Shops:
D:2 =

Annotations:
D:4 Pikel


Message History

The electric eel shoots out a bolt of lightning at you!
The bolt of electricity hits you.
There is a stone staircase leading up here.
The electric eel shoots out a bolt of lightning at you!
The bolt of electricity hits you!
The electric eel shoots out a bolt of lightning at you!
The bolt of electricity hits you!
You climb upwards.
There is a stone staircase leading down here.
You start resting.
HP restored.
There is a stone staircase leading down here.
There is a stone staircase leading down here.
You climb downwards.
An orc comes into view. It is wielding a +0 club.
The electric eel shoots out a bolt of lightning at you!
The bolt of electricity hits you. x2
The electric eel shoots out a bolt of lightning at you!
The bolt of electricity hits you! The bolt of electricity misses you.
The dart slug launches a dart at you. The slug dart misses you.
The dart slug launches a dart at you. You block the slug dart.
The electric eel shoots out a bolt of lightning at you!
The bolt of electricity hits you! x2; The orc moves out of view.
There is a stone staircase leading up here.
The dart slug launches a dart at you. The slug dart hits you.
The electric eel shoots out a bolt of lightning at you!
The bolt of electricity hits you! x2
* * * LOW HITPOINT WARNING * * *
The bolt of electricity hits the electric eel.
The electric eel completely resists.
The electric eel shoots out a bolt of lightning at you!
The bolt of electricity hits the electric eel.
The electric eel completely resists.
The bolt of electricity hits you!
* * * LOW HITPOINT WARNING * * *
The electric eel shoots out a bolt of lightning at you!
The bolt of electricity hits you.
You die...

## #. #.# . ~.
~##..# #
.~≈~w#~~w#.####
.#≈ ≈≈≈#~~≈~~....#
.~~##≈SS~~≈≈≈~...
.≈#≈≈≈~~~≈#≈≈≈w#
w~≈≈≈≈~≈≈≈≈≈~≈~#
≈~≈~~S~~~≈S@##≈
~#.8.~.?.~~~$~~~.#
≈~.....<$?[..~~..#
~#~[~~...~~..~≈###
~≈≈≈~≈~~~≈≈~~~≈≈#
~w≈≈≈≈≈≈~≈≈≈≈~~##
.≈≈≈≈#≈≈~≈≈≈≈~w#
#≈≈≈≈≈~~~≈#≈≈~#.
##≈≈ #~~≈≈≈≈≈##


You could see 4 electric eels and 4 dart slugs.

Vanquished Creatures
  Maggie (D:6)
  A steam dragon (D:6)
  An ice beast (D:6)
  A phantom (D:5)
  A lemure (D:3)
  A kobold brigand (D:6)
  A bullfrog (D:4)
  3 scorpions
  2 jellies (D:5)
  4 hounds
  Jessica (D:2)
  3 orc wizards
  An iguana (D:5)
  Natasha (thrice) (D:2)
  4 adders
  7 shadow imps
  5 white imps
  3 ufetubi (D:4)
  4 dart slugs
  4 worms
  25 orcs
  4 endoplasms
  7 giant cockroaches
  7 hobgoblins
  3 jackals
  3 quokkas
  4 ball pythons
  8 bats
  5 frilled lizards
  8 goblins
  15 kobolds
  6 rats
146 creatures vanquished.

Vanquished Creatures (others)
  2 adders (D:5)
  2 orcs (D:5)
  A jackal (D:5)
  10 demonic plants (D:4)
15 creatures vanquished.

Grand Total: 161 creatures vanquished

Notes
Turn   | Place    | Note
-------+----------+-------------------------------------------
     0 | D:1      | Mysteryquy the Hill Orc Fighter began the quest for the
                  | Orb.
     0 | D:1      | Reached XP level 1. HP: 19/19 MP: 1/1
    83 | D:1      | Reached XP level 2. HP: 16/27 MP: 2/2
   804 | D:1      | Reached XP level 3. HP: 26/33 MP: 3/3
   999 | D:2      | Noticed Jessica
  1010 | D:2      | Killed Jessica
  1023 | D:2      | Reached XP level 4. HP: 35/40 MP: 4/4
  1098 | D:2      | Found Tankaipi's Jewellery Emporium.
  1101 | D:2      | Found a faded altar of an unknown god.
  1264 | D:2      | Noticed Natasha
  1279 | D:2      | Killed Natasha
  1280 | D:2      | Reached skill level 1 in Dodging
  1782 | D:2      | Noticed Natasha
  1797 | D:2      | Killed Natasha
  1798 | D:2      | Reached XP level 5. HP: 31/46 MP: 5/5
  1924 | D:2      | Noticed Natasha
  1933 | D:2      | Killed Natasha
  2136 | D:3      | Identified the +7 chain mail of Beptul {rElec}
  2664 | D:4      | Reached skill level 5 in Axes
  2728 | D:4      | Reached XP level 6. HP: 50/53 MP: 6/6
  2867 | D:4      | Found the +7 Throatcutter {drain, coup de grace}
  2973 | D:4      | Reached skill level 5 in Fighting
  3084 | D:4      | Noticed Pikel
  3337 | D:4      | Reached skill level 1 in Long Blades
  3516 | D:5      | Entered Level 5 of the Dungeon
  3543 | D:5      | Reached XP level 7. HP: 61/61 MP: 7/7
  3615 | D:5      | Reached skill level 2 in Long Blades
  3618 | D:5      | Became a worshipper of Beogh the Brigand
  3620 | D:5      | Reached skill level 3 in Long Blades
  3731 | D:5      | Reached skill level 4 in Long Blades
  4043 | D:5      | Found a burning altar of Makhleb.
  4044 | D:5      | Found a broken altar of Ashenzari.
  4166 | D:5      | Reached skill level 5 in Long Blades
  4191 | D:6      | Reached XP level 8. HP: 60/69 MP: 8/8
  4351 | D:6      | Reached * piety under Beogh
  4352 | D:6      | Reached skill level 6 in Long Blades
  4357 | D:6      | Noticed Maggie
  4365 | D:6      | Killed Maggie
  4366 | D:6      | Reached skill level 7 in Long Blades
  4553 | D:6      | Found a staircase to the Ecumenical Temple.
  4629 | D:6      | Found a basalt altar of Yredelemnul.
  5018 | D:6      | Reached skill level 8 in Long Blades
  5259 | D:7      | Killed from afar by an electric eel

Illustrated notes

Levels and vault maps discovered:
D:1:      dpeg_arrival_chambers_temple_mockup, layout_basic
D:2:      layout_loops_cross, basic_ecumenical_altar, serial_shops, shop_statue,
          kennysheep_nub, uniq_crazy_yiuf_cottage, uniq_jessica, uniq_natasha
D:3:      layout_rooms, minmay_cut_off
D:4:      layout_rooms, serial_demonic, serial_demonic_c, serial_demonic_b,
          serial_demonic_e, serial_demonic_b, serial_demonic_b,
          serial_demonic_e, serial_demonic_g, serial_demonic_d, uniq_pikel
D:5:      layout_cave_pools, mainiacjoe_overflow_divided_tiny,
          minmay_misc_feat_x
D:6:      layout_basic, nicolae_overflow_hidden_temple, temple_doors_e,
          serial_park_tiny_pond, kennysheep_flooded_box,
          minmay_misc_feat_encased, uniq_maggie
D:7:      kennysheep_slugbush, layout_rooms, gammafunk_ghost_wrathful_warriors

Skill      XL: |  1  2  3  4  5  6  7  8 |
---------------+-------------------------+-----
Axes           | 3 4 5 |  5.8
Fighting       | 4 5 6 |  6.5
Dodging        | 1 |  1.9
Armour         | 4 |  4.7
Long Blades    | 1 5 8 |  8.3
Stealth        | |  0.1
Shields        | |  3.8

Action                     |  1- 3 |  4- 6 |  7- 9 || total
---------------------------+-------+-------+-------++-------
  Melee: War axe           |    90 |   185 |       ||   275
         Long sword        |       |    41 |   104 ||   145
 Invoke: Convert to Beogh  |       |       |     1 ||     1
    Use: Potion            |       |       |     1 ||     1
 Armour: Scale mail        |    37 |    61 |       ||    98
         Chain mail        |       |    66 |    66 ||   132
  Dodge: Dodged            |    42 |   131 |    50 ||   223
  Block: Buckler           |    23 |    56 |    32 ||   111
